 Dungeon Crawl Stone Soup version 0.26-a0-1213-gd52f5182fe (webtiles) character file.

Game seed: 7880616306932914714

203 tilp the Skirmisher (level 5, -2/59 HPs)
             Began as an Ogre Abyssal Knight on Dec 30, 2020.
             Was a Believer of Lugonu.
             Slain by Purgy (3 damage)
             ... on level 2 of the Dungeon.
             The game lasted 00:05:48 (4405 turns).

tilp the Skirmisher (Ogre Abyssal Knight)           Turns: 4405, Time: 00:05:50

Health: -2/59      AC:  3    Str: 16    XL:     5   Next: 81%
Magic:  6/6        EV: 10    Int: 14    God:    Lugonu [**....]
Gold:   80         SH:  0    Dex:  8    Spells: 4/4 levels left

rFire    . . .     SeeInvis .   a - +1 mace
rCold    . . .     Faith    .   (no shield)
rNeg     . . .     Spirit   .   p - +0 robe
rPois    .         Reflect  .   (helmet restricted)
rElec    .         Harm     .   (no cloak)
rCorr    .         Rampage  .   (gloves unavailable)
Will     .....                  (boots unavailable)
Stlth    +.........             (no amulet)
HPRegen  0.19/turn              (no ring)
MPRegen  0.10/turn              (no ring)

@: no status effects
A: large, unfitting armour, tough skin 1
a: Renounce Religion, Depart the Abyss, Bend Space


You were on level 2 of the Dungeon.
You worshipped Lugonu.
Lugonu was pleased with you.
You visited 1 branch of the dungeon, and saw 4 of its levels.
You visited the Abyss 1 time.

You collected 80 gold pieces.

Inventory:

Hand Weapons
 a - a +1 mace (weapon)
 b - a +1 flail
Missiles
 e - 62 stones
 f - 36 poisoned darts (quivered)
Armour
 p - a +0 robe (worn)
Scrolls
 o - a scroll of fear {unknown}
 q - a scroll of amnesia {unknown}
Potions
 c - a potion of flight
 l - a potion of degeneration {unknown}
 m - a potion of heal wounds {unknown}


   Skills:
 - Level 6.0 Fighting
 + Level 4.3 Maces & Flails
 - Level 2.1 Dodging
 - Level 2.0 Invocations


You had 4 spell levels left.
You didn't know any spells.
Your spell library was empty.

Dungeon Overview and Level Annotations

Branches:
Dungeon (4/15)
 Temple: D:4-7

Altars:
Makhleb

Annotations:
D:2 Purgy
D:3 Sigmund


Innate Abilities, Weirdness & Mutations

You are too large for most types of armour.
You have tough skin. (AC +1)


Message History

Purgy barely misses you. Purgy claws you.
* * * LOW HITPOINT WARNING * * *
Unknown command.
You closely miss Purgy.
Purgy is heavily wounded.
Purgy closely misses you. Purgy barely misses you.
Purgy claws you but does no damage.
You thump Purgy!
Purgy is severely wounded.
Purgy bites you!
* * * LOW HITPOINT WARNING * * *
Purgy closely misses you. Purgy barely misses you.
You hit Purgy.
Purgy is severely wounded.
Purgy bites you.
* * * LOW HITPOINT WARNING * * *
Purgy claws you.
* * * LOW HITPOINT WARNING * * *
Purgy claws you but does no damage. Purgy barely misses you. Purgy claws you.
You die...

######............###
#...................#
########.###.............#.#
......##.#.......(..####.#.#
#####.##.#.#........####.#.#
#.##.#.#........'..#.#.#
#####.##.#.#........##.#.#.#
....(.##.#.#...T....##.#.#.#
########.#.#....@...##.#.#.#
#.#.#........##...#.#
#.#.#........######.# #####
#.#.#........# #.# ....#
#.#..........# #.#
#.######......####### #.#
#.#...........# #.#
#.#.#######...# #.#
#.........#...###### #.#


You could see Purgy.

Vanquished Creatures
  A howler monkey (D:4)
  A hound (D:4)
  3 adders
  An ooze (D:2)
  An adder skeleton (D:4)
  3 dart slugs
  4 leopard geckos
  8 orcs (D:3)
  4 bats
  4 giant cockroaches
  9 goblins
  6 hobgoblins
  8 jackals
  4 quokkas
  A ball python (D:1)
  6 frilled lizards
  8 kobolds
  9 rats
81 creatures vanquished.

Notes
Turn   | Place    | Note
-------+----------+-------------------------------------------
     0 | Abyss:1  | tilp the Ogre Abyssal Knight began the quest for the Orb.
     0 | Abyss:1  | Reached XP level 1. HP: 24/24 MP: 2/2
    78 | Abyss:1  | Noticed a smoke demon
    80 | Abyss:1  | Noticed a red devil
    84 | Abyss:1  | Noticed a small abomination
    86 | D:1      | Escaped the Abyss
   417 | D:1      | Reached XP level 2. HP: 27/33 MP: 3/3
   667 | D:1      | Reached * piety under Lugonu
  1052 | D:1      | Reached XP level 3. HP: 39/41 MP: 4/4
  1251 | D:1      | Reached skill level 5 in Fighting
  2049 | D:2      | Reached ** piety under Lugonu
  2069 | D:2      | Reached XP level 4. HP: 27/50 MP: 5/5
  2332 | D:2      | You fall into a shaft and drop 1 floor!
  2615 | D:3      | Noticed Sigmund
  3749 | D:3      | Found a burning altar of Makhleb.
  3755 | D:3      | Reached XP level 5. HP: 59/59 MP: 6/6
  4092 | D:3      | Noticed Purgy
  4212 | D:3      | Reached skill level 6 in Fighting
  4405 | D:2      | HP: 1/59 [Purgy (2)]
  4405 | D:2      | Slain by Purgy

Illustrated notes

Levels and vault maps discovered:
D:1:      sevenhm_arrival_forest_fort_large_4, layout_loops_ring
D:2:      layout_basic
D:3:      layout_basic, lemuel_doored_altar, uniq_sigmund, uniq_purgy
D:4:      layout_cave_pools, uniq_duvessa

Skill      XL: |  1  2  3  4  5 |
---------------+----------------+-----
Maces & Flails | 2 3 4 |  4.3
Fighting       | 5 6 |  6.0
Dodging        | |  2.1
Invocations    | |  2.0

Action                   |  1- 3 |  4- 6 || total
-------------------------+-------+-------++-------
Melee: Mace              |   134 |   135 ||   269
Throw: Dart              |       |    10 ||    10
Invok: Depart the Abyss  |     1 |       ||     1
  Use: Scroll            |       |     7 ||     7
       Potion            |       |     2 ||     2
 Stab: Sleeping          |     2 |       ||     2
Armor: Robe              |    46 |    46 ||    92
Dodge: Dodged            |    94 |    86 ||   180

Table legend: (Time is in decaauts)
 A = Elapsed time spent in this place.
 B = Non-inter-level travel time spent in this place.
 C = Inter-level travel time spent in this place.
 D = Time resting spent in this place.
 E = Time spent auto-exploring this place.
 F = Levels seen in this place.
 G = Mean time per level.
                   A        B        C        D        E       F      G
               +--------+--------+--------+--------+--------+-----+--------+
         Total |   4479 |   4301 |    178 |   1233 |   2172 |   5 |  895.8 |
       Dungeon |   4393 |   4215 |    178 |   1233 |   2094 |   4 | 1098.2 |
         Abyss |     86 |     86 |      0 |      0 |     78 |   1 |   86.0 |
               +--------+--------+--------+--------+--------+-----+--------+

Top non-repeatable levels by time:
     D:1: 1704 daAuts
     D:3: 1511 daAuts
     D:2: 1098 daAuts
 Abyss:1: 86 daAuts
     D:4: 78 daAuts
